 Dungeon Crawl Stone Soup version 0.31-a0-263-ge8cad7f256 (webtiles) character file.

Game seed: 7817743408408426482

169 qw the Shooter (level 5, 0/45 HPs)
             Began as a Minotaur Hexslinger on July 13, 2023.
             Slain by an orc wizard
             ... wielding a +0 dagger
              (3 damage)
             ... on level 2 of the Dungeon.
             The game lasted 00:01:02 (2313 turns).

qw the Shooter (Minotaur Hexslinger)                Turns: 2313, Time: 00:01:03

Health: 0/45       AC:  7    Str: 13    XL:     5   Next: 25%
Magic:  5/5        EV: 11    Int: 10    God:
Gold:   139        SH:  0    Dex: 14    Spells: 5/6 levels left

rFire   + . .        Y - +1 sling (freeze)
rCold   . . .        (no shield)
rNeg    . . .        a - +0 ring mail
rPois   .            (helmet restricted)
rElec   .            (no cloak)
rCorr   .            e - +0 pair of gloves
SInv    .            b - +0 pair of boots
Will    .....        (no amulet)
Stlth   +            h - ring of protection from fire
HPRegen 0.27/turn    (no ring)
MPRegen 0.09/turn

%: no passive effects
@: no status effects
A: horns 2, retaliatory headbutt
a: no special abilities


You were on level 2 of the Dungeon.
You visited 1 branch of the dungeon, and saw 3 of its levels.

You collected 139 gold pieces.


Innate Abilities, Weirdness & Mutations

You have a pair of horns on your head.
You reflexively headbutt those who attack you in melee.


   Skills:
 - Level 3.0 Fighting
 + Level 5.3 Ranged Weapons
 - Level 1.0 Armour
 - Level 2.1 Dodging
 - Level 1.0 Spellcasting
 - Level 2.0 Hexes


You had 5 spell levels left.
You knew the following spells:

 Your Spells              Type           Power      Damage    Failure   Level
a - Slow                  Hex            16%        N/A       32%         1

Your spell library contained the following spells:

 Spells                   Type           Power      Damage    Failure   Level
 Inner Flame              Hex/Fire       2%         N/A       82%         3
 Portal Projectile        Hex/Tloc       4%         N/A       82%         3
 Cause Fear               Hex            2%         N/A       97%         4

Inventory:

Hand Weapons
 Y - a +1 sling of freezing (weapon)
Armour
 a - a +0 ring mail (worn)
 b - a +0 pair of boots (worn)
 e - a +0 pair of gloves (worn)
Jewellery
 h - a ring of protection from fire (left hand)
Potions
 d - a potion of resistance {unknown}
 i - a potion of might {unknown}

Dungeon Overview and Level Annotations

Branches:
Dungeon (3/15)

Altars:
Elyvilon

Shops:
D:1 =   D:3 (


Message History

A puff of flame appears from out of thin air!
The puff of flame misses you. Something hits you but does no damage.
You feel less confused. The worm bites you but does no damage.
Something hits you.
You shoot a sling bullet. The sling bullet hits the worm.
The sling bullet freezes the worm.
The worm is lightly wounded.
Something hits you. The worm bites you but does no damage.
You shoot a sling bullet. The sling bullet hits the worm.
The sling bullet freezes the worm.
The worm is lightly wounded.
Something hits you.
You shoot a sling bullet.
The sling bullet barely misses the worm.
Something hits you. The worm bites you.
You shoot a sling bullet. The sling bullet hits the worm.
The sling bullet freezes the worm.
The worm is moderately wounded.
Something hits you but does no damage. The worm bites you but does no damage.
You shoot a sling bullet. The sling bullet hits the worm.
The sling bullet freezes the worm.
The worm is heavily wounded.
Something hits you but does no damage. The worm misses you.
Something hits you but does no damage.
You shoot a sling bullet. The sling bullet hits the worm.
The sling bullet freezes the worm.
The worm is severely wounded.
Something hits you but does no damage. The worm barely misses you.
You shoot a sling bullet.
The sling bullet hits the worm but does no damage.
The worm is severely wounded.
You hear some strange, mumbled words.
A puff of flame appears from out of thin air!
The puff of flame hits you. You resist.
You shoot a sling bullet. The sling bullet hits the worm.
The sling bullet freezes the worm.
The worm is almost dead.
Something hits you.
You die...

.######....<........# #.#
.........#..).......# #.#
##########..........# #.#
#...................# #>#
....................# #.#
....................# #.#
#...................# #.#
#..........########## #.#
#...........[..w@[# #.#
#.........#######{#####.#
#.............# #.#.....#
#.............# #.#.#####
########......###.#)#
#.......)...#.#
#######.......#####.#
#.............# #.#####
..............# #.#...#


You could see a worm.

Vanquished Creatures
  An orc priest (D:2)
  An orc wizard (D:2)
  4 adders
  A dart slug (D:2)
  8 orcs
  8 ball pythons
  6 endoplasms
  A giant cockroach (D:2)
  7 goblins
  4 hobgoblins
  7 kobolds
  4 quokkas
  3 bats
  8 frilled lizards
  4 rats
67 creatures vanquished.

Notes
Turn   | Place    | Note
-------+----------+-------------------------------------------
     0 | D:1      | qw the Minotaur Hexslinger began the quest for the Orb.
     0 | D:1      | Reached XP level 1. HP: 16/16 MP: 1/1
     0 | D:1      | 0 ||| qw: Version: 0.3-a-52-g30416fa
     0 | D:1      | 0 ||| qw: Game counter: 7297
     0 | D:1      | 0 ||| qw: Melee chars always use a shield: true
     0 | D:1      | 0 ||| qw: God list: Okawaru
     0 | D:1      | 0 ||| qw: Allow faded altars: false
     0 | D:1      | 0 ||| qw: Do Orc after clearing Dungeon:15 true
     0 | D:1      | 0 ||| qw: Do second Lair branch before Depths: true
     0 | D:1      | 0 ||| qw: Lair rune preference: random
     0 | D:1      | 0 ||| qw: Goals: Normal
     0 | D:1      | 0 ||| PLANNING D:1-11
   105 | D:1      | Found Qosim's Jewellery Shoppe.
   123 | D:1      | 123 ||| SHOPLISTING amulet "Focweol" {RegenMP +Blink rPois
                  | Slay-3} (462 gold, have 0).
   123 | D:1      | 123 ||| SHOPLISTING ring of poison resistance (260 gold,
                  | have 0).
   123 | D:1      | 123 ||| SHOPLISTING ring of protection from cold (325 gold,
                  | have 0).
   123 | D:1      | 123 ||| SHOPLISTING ring of protection from fire (325 gold,
                  | have 0).
   123 | D:1      | 123 ||| SHOPLISTING ring of the Battered Wonders {rPois
                  | Int+3 Dex+3} (514 gold, have 0).
   123 | D:1      | 123 ||| SHOPLISTING ring of willpower (325 gold, have 0).
   175 | D:1      | Reached skill level 3 in Ranged Weapons
   175 | D:1      | Reached XP level 2. HP: 23/23 MP: 2/2
   294 | D:1      | Found a faded altar of an unknown god.
   653 | D:1      | 653 ||| DROPPING ring of wizardry.
   654 | D:1      | 654 ||| UPGRADING to ring of protection from fire.
   655 | D:1      | 655 ||| READING scroll labelled WEIGAX FEID.
   656 | D:1      | 656 ||| READING scroll labelled QANEOBO UWOPT.
   659 | D:1      | 659 ||| DROPPING scroll of poison.
   668 | D:2      | Found a white marble altar of Elyvilon.
   909 | D:2      | Reached XP level 3. HP: 29/29 MP: 3/3
   912 | D:2      | Reached skill level 4 in Ranged Weapons
  1044 | D:2      | Reached XP level 4. HP: 36/36 MP: 4/4
  1687 | D:2      | 1687 ||| UPGRADING to +0 ring mail.
  1697 | D:2      | 1697 ||| UPGRADING to +0 pair of boots.
  1702 | D:2      | 1702 ||| DROPPING +0 robe.
  1703 | D:2      | 1703 ||| UPGRADING to +0 pair of gloves.
  1708 | D:2      | 1708 ||| READING scroll labelled KOSOZE SOTEO.
  1709 | D:2      | 1709 ||| READING scroll labelled QEZUTI HESKEIG.
  1710 | D:2      | 1710 ||| DRINKING 2 fizzy grey potions.
  1767 | D:3      | 1767 ||| STAIRDANCE
  1772 | D:2      | Reached skill level 1 in Armour
  1817 | D:3      | Reached skill level 5 in Ranged Weapons
  1855 | D:3      | Found Ygruxuirph's Antique Weapon Boutique.
  2081 | D:3      | Reached XP level 5. HP: 44/44 MP: 5/5
  2088 | D:3      | 2088 ||| DRINKING potion of curing.
  2088 | D:3      | 2088 ||| (to cure confusion)
  2091 | D:3      | Reached skill level 3 in Fighting
  2094 | D:3      | 2094 ||| FLEEEEING.
  2096 | D:3      | 2096 ||| FLEEEEING.
  2097 | D:3      | 2097 ||| FLEEEEING.
  2101 | D:3      | 2101 ||| FLEEEEING.
  2102 | D:3      | 2102 ||| FLEEEEING.
  2103 | D:3      | 2103 ||| FLEEEEING.
  2104 | D:3      | 2104 ||| FLEEEEING.
  2105 | D:3      | 2105 ||| FLEEEEING.
  2106 | D:3      | 2106 ||| FLEEEEING.
  2116 | D:3      | 2116 ||| FLEEEEING.
  2117 | D:3      | 2117 ||| STAIRDANCE
  2140 | D:2      | HP: 11/45 [something (2)]
  2278 | D:2      | 2278 ||| DROPPING amulet of magic regeneration.
  2279 | D:2      | 2279 ||| READING scroll labelled ZUGRAKU DILIOLLE.
  2280 | D:2      | 2280 ||| READING scroll labelled KEHIFO XOUMMUD.
  2285 | D:3      | 2285 ||| STAIRDANCE
  2308 | D:2      | HP: 9/45 [something (3)]
  2308 | D:2      | HP: 3/45 [worm (6)]
  2313 | D:2      | Slain by an orc wizard

Levels and vault maps discovered:
D:1:      reono_arrival_mine, layout_basic, chequers_ecumenical_altar_grove,
          serial_shops, nicolae_shop_temple_entry_statues_fountains,
          serial_aquarium, aquarium_bridge_island_small
          [aquarium_subvault_small_water, aquarium_subvault_balcony,
          aquarium_subvault_wall, aquarium_subvault_window,
          aquarium_subvault_bridge], aquarium_bridge_long_separate
          [aquarium_subvault_bridge, aquarium_subvault_wall,
          aquarium_subvault_balcony, aquarium_subvault_bridge,
          aquarium_subvault_bridge, aquarium_subvault_bridge],
          aquarium_window_1, aquarium_window_double, aquarium_window_1,
          aquarium_window_corridor_1, aquarium_view_2e, grunt_decor_mini_mirrors
D:2:      minmay_inner_zag, layout_basic, basic_altar, st_stairs_10
D:3:      layout_rooms, lemuel_coloured_pillars_altar,
          amethyst_overflow_temple_binary, serial_shops, shop

Skill      XL: |  1  2  3  4  5 |
---------------+----------------+-----
Ranged Weapons | 3 4 5 |  5.3
Fighting       | 2 3 |  3.0
Armour         | 1 |  1.0
Dodging        | |  2.1
Spellcasting   | |  1.0
Hexes          | |  2.0

Action                     |  1- 3 |  4- 6 || total
---------------------------+-------+-------++-------
   Fire: Sling             |    70 |   141 ||   211
    Use: Scroll            |     2 |     4 ||     6
         Potion            |       |     2 ||     2
 Armour: Robe              |     4 |     1 ||     5
         Ring mail         |       |    59 ||    59
  Dodge: Dodged            |    20 |    58 ||    78

Table legend:
 A = Non-vault XP
 B = Vault XP
 C = Vault XP percentage of total XP
 D = Non-vault monster count
 E = Vault monster count
 F = Vault count percentage of total count
                 A         B        C        D         E       F
            +---------+---------+-------+---------+---------+-------
      Total |     189 |      53 |  21.9 |      60 |       7 |  10.4
            +---------+---------+-------+---------+---------+-------
        D:1 |      26 |       0 |   0.0 |      15 |       0 |   0.0
        D:2 |     107 |      53 |  33.1 |      30 |       7 |  18.9
        D:3 |      56 |       0 |   0.0 |      15 |       0 |   0.0
            +---------+---------+-------+---------+---------+-------
